 Dungeon Crawl Stone Soup version 0.19-a0-1468-ge013c26 (webtiles) character file.

79 truemonolith the Shooter (level 4, -7/36 HPs)
             Began as a Centaur Hunter on Sept 7, 2016.
             Killed by nerve-wracking pain
             ... invoked by Grinder
              (14 damage)
             ... on level 3 of the Dungeon.
             The game lasted 00:06:10 (1985 turns).

truemonolith the Shooter (Centaur Hunter)           Turns: 1985, Time: 00:06:11

Health: -7/36      AC:  5    Str: 15    XL:     4   Next: 16%
Magic:  4/4        EV:  8    Int: 10    God:
Gold:   25         SH:  0    Dex: 10    Spells: 0 memorised, 3 levels left

rFire  . . .     SeeInvis .     a - +1 shortbow
rCold  . . .     Gourm    .     e - +0 ring mail
rNeg   . . .     Faith    .     (shield currently unavailable)
rPois  .         Spirit   .     (no helmet)
rElec  .         Dismiss  .     (no cloak)
rCorr  .         Reflect  .     (no gloves)
MR     .....     Harm     .     (no barding)
Stlth  ..........               (no amulet)
                                (no ring)
                                (no ring)

@: very quick
A: hooves 3, deformed body, speed 2, tough skin 3
a: no special abilities


You were on level 3 of the Dungeon.
You were not hungry.

You visited 1 branch of the dungeon, and saw 3 of its levels.

You collected 25 gold pieces.

Inventory:

Hand Weapons
 a - a +1 shortbow (weapon)
 b - a +0 short sword
Missiles
 d - 7 arrows (quivered)
Armour
 e - a +0 ring mail (worn)
Jewellery
 p - an uncursed ring of poison resistance {unknown}
Scrolls
 g - a scroll of remove curse {unknown}
 i - a scroll of amnesia {unknown}
 j - a scroll of random uselessness {unknown}
 l - a scroll of blinking {unknown}
 m - a scroll of fear {unknown}
 o - a scroll of identify {unknown}
Potions
 c - a potion of degeneration {unknown}
 h - a potion of curing {unknown}
 k - 2 potions of ambrosia {unknown}
Comestibles
 f - a bread ration
 n - a royal jelly


   Skills:
 - Level 2.0 Fighting
 + Level 7.5 Bows
 - Level 1.3 Dodging
 - Level 0.5 Stealth


You had 3 spell levels left.
You didn't know any spells.

Dungeon Overview and Level Annotations

Branches:
Dungeon (3/15)

Altars:
Ru

Annotations:
D:3 Grinder


Innate Abilities, Weirdness & Mutations

You have hooves in place of feet.
Armour fits poorly on your strangely shaped body.
You cover ground very quickly.
You have extremely tough skin. (AC +3)


Message History

Things that are here:
a club; a hobgoblin corpse You see here a stone.
Firing (i - inventory):
d - 8 arrows (quivered)
Press: ? - help, Shift-Dir - straight line, f - Grinder
Aim: Grinder (unusually agile)
You shoot an arrow. The arrow barely misses Grinder.
The arrow hits the worm.
The worm is lightly wounded.
Grinder gestures at you.
You suddenly lose the ability to move!
Grinder hits you. Grinder gestures at you. Pain shoots through your body!
Grinder hits you.
* * * LOW HITPOINT WARNING * * *
You can move again.
You see here a bat corpse.
Grinder gestures at you. Pain shoots through your body!
You die...

...ยง.. .#
#)# #.#
...### #
#)# #.#
#.# #(#
#.# #. #.#
#.# #w#
#.# #.#
#.# #.#
#.#
#5######.#
#...@..#.#
######.#.#
#.#.#
#.#.#
#.#.#
#.#.#
#.#.#
#.#.##
#....#


You could see Grinder.

Vanquished Creatures
  Robin (D:3)
  An adder (D:2)
  2 giant geckos (D:1)
  A ball python (D:2)
  2 giant cockroaches
  14 goblins
  6 hobgoblins
  3 jackals (D:1)
  9 bats
  9 kobolds
  8 rats
56 creatures vanquished.

Notes
Turn   | Place    | Note
-------+----------+-------------------------------------------
     0 | D:1      | truemonolith the Centaur Hunter began the quest for the Orb.
     0 | D:1      | Reached XP level 1. HP: 17/17 MP: 1/1
   393 | D:1      | Reached XP level 2. HP: 24/24 MP: 2/2
   419 | D:1      | Reached skill level 6 in Bows
  1100 | D:2      | Reached XP level 3. HP: 29/29 MP: 3/3
  1230 | D:2      | Found a sacrificial altar of Ru.
  1385 | D:2      | Reached skill level 7 in Bows
  1852 | D:3      | Noticed Robin
  1858 | D:3      | Noticed Grinder
  1946 | D:3      | Reached XP level 4. HP: 36/36 MP: 4/4
  1954 | D:3      | Killed Robin
  1966 | D:3      | Paralysed by Grinder for 5 turns
  1977 | D:3      | Paralysed by Grinder for 4 turns
  1985 | D:3      | Killed from afar by Grinder

Vault maps used:
D:1:      saegor_arrival_simple_b
D:2:      hangedman_ru_absence
D:3:      lemuel_tele_altar, uniq_crazy_yiuf_cottage, uniq_grinder, uniq_robin,
          uniq_sigmund

Skill      XL: |  1  2  3 |
---------------+----------+-----
Bows           | 6 7 |  7.5
Fighting       | |  2.0
Dodging        | |  1.3
Stealth        | |  0.5

Action                   |  1- 3 |  4- 6 || total
-------------------------+-------+-------++-------
Melee: Short sword       |   105 |       ||   105
       Kick              |    24 |       ||    24
 Fire: Shortbow          |    69 |     6 ||    75
  Eat: Bread ration      |     1 |       ||     1
Armor: Leather armour    |    19 |       ||    19
       Ring mail         |    69 |     1 ||    70
Dodge: Dodged            |    79 |       ||    79
